[Event "11th Festival Palmanova-A 2022"]
[Site "Strassoldo"]
[Date "2022.12.11"]
[Round "6.1"]
[White "Zuttioni, Federico"]
[Black "Loiacono, Leonardo"]
[Result "0-1"]
[ECO "C54"]
[WhiteElo "2165"]
[BlackElo "2271"]
[Annotator "TA"]
[PlyCount "80"]
[EventDate "2022.12.08"]
[EventType "swiss"]
[EventCountry "ITA"]
[SourceTitle "playchess.com"]
[Source "ChessBase"]
[SourceQuality "1"]
[TimeControl "5400+30"]

1. e4 e5 2. Nf3 Nc6 3. Bc4 Bc5 4. O-O Nf6 5. d3 O-O 6. h3 d6 7. c3 a5 {[%emt 0:01:39] now supersedes 7...h6. C54: Giuoco Piano: 4 c3 Nf6, main lines with 5 d4 and 5 d3.} 8. Re1 h6 9. Nbd2 Be6 {[%emt 0:06:35] The position is equal.} 10. Bb5 Qb8 11. Bxc6 bxc6 12. d4 exd4 13. cxd4 Ba7 14. Qc2 Qb5 {[%emt 0:03:05] [#]} 15. b3 $146 (15. a4 {is more complex.} Qb4 16. b3 Bxd4 17. Ba3) ({Predecessor:} 15. a4 Qb7 16. Ra3 Rab8 17. Rc3 Qb4 18. Rxc6 Bxd4 19. Nxd4 Qxd4 20. b3 Qb4 21. Re3 {½-½ (88) Giri,A (2769)-Antipov,M (2549) Moscow 2019}) 15... Rfe8 16. a4 Qa6 17. Bb2 d5 18. e5 Nh5 19. Kh2 (19. Re3 $14) 19... Nf4 $11 20. Re3 {[%emt 0:00:52] Prevents Nd3.} Qc8 21. Ne1 (21. Nh4 $11 {is superior.}) 21... c5 $1 $36 {[%emt 0:08:06][%mdl 2048] Black has the initiative.} 22. dxc5 Bf5 23. Qc1 Ne6 {[%emt 0:03:50][%mdl 1024] Black has compensation.} 24. Ba3 c6 25. g4 (25. Rg3 $15) 25... Bh7 $1 $17 26. Ng2 g5 {[%emt 0:01:06] Against f4} (26... Qc7 $19 27. Nf3 Be4) 27. Nf3 {[%emt 0:01:19] Prevents f6.} (27. Kg1 $17) 27... Qd8 28. h4 (28. Qb2 $17 {might work better.}) 28... d4 $19 29. Re1 Qd5 30. Kg3 (30. Nd2) 30... Be4 (30... Qxb3 $2 31. hxg5 hxg5 32. Bb2 Bxc5 33. Ba3 $19) (30... Bxc5 31. hxg5 Rab8 32. Nf4 Nxf4 33. Qxf4 Rxb3 34. Bxc5 hxg5 35. Qf6 (35. Qxg5+ Bg6 $11) 35... Qxc5 36. Rac1 $11) 31. Rxe4 Qxe4 32. hxg5 hxg5 33. Nxg5 Nxg5 (33... Qxe5+ $19 {is more deadly.} 34. f4 Qd5) 34. Qxg5+ $17 {[%emt 0:00:07] [#]} Qg6 $1 {[%emt 0:00:03] Black is more active.} 35. Qd2 (35. Qxg6+ $17 fxg6 36. f4) 35... Rxe5 $19 36. Rh1 (36. Nf4 $142 Qf6 37. Bb2 (37. Qxd4 $2 {perishes.} Rd8 $19) 37... Bxc5 38. Bxd4 Bxd4 39. Qxd4) 36... f5 {[%emt 0:02:17] The board is on fire.} (36... Bxc5 $2 37. Bxc5 Rd8 38. Bxd4 $18) ({And not} 36... Re4 37. f3 Bb8+ 38. Kf2 $11) 37. Qxd4 {[%emt 0:00:35] [#]} (37. Rh4 $142 Bb8 38. f4) 37... Qxg4+ $2 ({Better is} 37... Bb8 $1 $19 {( -> ...Re3+)} 38. Kh3 Ra7) 38. Qxg4+ $11 fxg4 39. Bb2 Ree8 (39... Rxc5 $2 40. Rh8+ (40. Kxg4 Rf8 $16) 40... Kf7 41. Rxa8 $18) 40. Bd4 (40. Kxg4 $11 {keeps the balance.} Bxc5 41. Nf4) 40... Bb8+ {[%emt 0:00:15] Weighted Error Value: White=0.45/Black=0.42} (40... Rad8 $17 41. Rh8+ Kf7 42. Rh7+ Ke6) 0-1

[Event "11th Festival Palmanova-A 2022"]
[Site "Strassoldo"]
[Date "2022.12.11"]
[Round "6.2"]
[White "Damia, Angelo"]
[Black "Lumachi, Gabriele"]
[Result "1/2-1/2"]
[ECO "D43"]
[WhiteElo "2192"]
[BlackElo "2394"]
[Annotator "TA"]
[PlyCount "50"]
[EventDate "2022.12.08"]
[EventType "swiss"]
[EventCountry "ITA"]
[SourceTitle "playchess.com"]
[Source "ChessBase"]
[SourceQuality "1"]
[TimeControl "5400+30"]

1. d4 d5 2. c4 e6 3. Nc3 Nf6 4. Nf3 dxc4 5. Qa4+ c6 6. Qxc4 b5 7. Qb3 Nbd7 {[%emt 0:09:04] D43: Semi-Slav: 5 Bg5 h6.} 8. Bf4 a6 9. g3 c5 {[%emt 0:02:01] Black is slightly better.} 10. Bg2 {[%emt 0:02:39] Strongly threatening Ne5.} Bb7 {[%emt 0:00:32] [#] White must now prevent ...cxd4.} 11. Rd1 $146 (11. dxc5 $11 Bxc5 12. O-O) ({Predecessor:} 11. e3 Nd5 12. O-O Nxf4 13. exf4 c4 14. Qc2 Nf6 15. f5 exf5 16. Rfe1+ Be7 17. Ne5 Bxg2 18. Kxg2 {½-½ (56) Setyukov,R (1916)-Mukhutdinov,T (2162) Kazan 2017}) 11... Qa5 (11... c4 $17 12. Qc2 b4) 12. O-O b4 {[%emt 0:00:16] Inhibits d5.} (12... c4 $15 13. Qc2 b4) 13. Qa4 $36 {[%emt 0:03:56][%mdl 2048] White has good play.} Qxa4 14. Nxa4 Nd5 15. Ne5 Nxe5 16. Bxe5 f6 17. e4 (17. Bc7 $1 $16) 17... fxe5 18. exd5 exd4 19. Rfe1 Rd8 $1 20. Nb6 Be7 21. Rxe6 {[%emt 0:02:25] [#] Hoping for Rde1.} Kf7 22. Rde1 {[%emt 0:00:58] White has more active pieces.} Bf6 23. Rc1 Be7 24. Rce1 Bf6 25. Rc1 Be7 {[%emt 0:02:12] Weighted Error Value: White=0.20 (precise) /Black=0.18 (very precise)} 1/2-1/2

[Event "11th Festival Palmanova-A 2022"]
[Site "Strassoldo"]
[Date "2022.12.11"]
[Round "6.3"]
[White "Ceschia, Ivano"]
[Black "Lekic, Dusan"]
[Result "0-1"]
[ECO "D12"]
[WhiteElo "2217"]
[BlackElo "2329"]
[Annotator "TA"]
[PlyCount "138"]
[EventDate "2022.12.08"]
[EventType "swiss"]
[EventCountry "ITA"]
[SourceTitle "playchess.com"]
[Source "ChessBase"]
[SourceQuality "1"]
[TimeControl "5400+30"]

1. Nf3 d5 2. d4 Nf6 3. e3 c6 4. c4 Bf5 5. Nc3 e6 6. Bd3 Bxd3 7. Qxd3 Bb4 8. O-O Nbd7 9. Bd2 a5 10. a3 Be7 {[%emt 0:01:24] D12: Slav Defence: 3 Nf3 Nf6 4 e3 Bf5.} 11. e4 {[%emt 0:00:49] [#]} Nc5 $1 12. dxc5 dxe4 {[%emt 0:00:24] The position is equal.} 13. Qxd8+ Rxd8 14. Nxe4 Nxe4 15. Bxa5 Ra8 16. Bb6 Nxc5 {[%emt 0:01:29] [#]} (16... Bxc5 {simplifies} 17. Bxc5 Nxc5 18. b4 Na4) 17. Rad1 $146 ({Predecessor:} 17. Bxc5 Bxc5 18. Rfd1 Be7 19. Rd2 Rd8 20. Rad1 Rxd2 21. Rxd2 Bf6 22. Kf1 Ke7 23. Ke2 {0-1 (49) Ankit,R (2122)-Sundararajan,K (2442) New Delhi 2008}) 17... Ra4 (17... Na4 $5 18. Bd4 Bf6 $11) 18. Rd4 (18. Bxc5 $11 Bxc5 19. Rd2) 18... Nd7 $1 $15 19. Bc7 Bf6 20. Rd2 Nc5 (20... Rxc4 $15 21. Rfd1 Nc5) 21. Rc2 $11 Nb3 22. Rd1 c5 23. Rd3 Nd4 24. Nxd4 Bxd4 25. b4 Ke7 26. Bb6 Rc8 (26... Rha8 $15 27. Bxc5+ Bxc5 28. bxc5 Rxa3 29. Rxa3 Rxa3) 27. Kf1 Rc6 28. Bxc5+ Bxc5 29. bxc5 Rxc5 {[%emt 0:00:11][%cal Ob7b5][%mdl 4096] Endgame KRR-KRR} 30. Rb2 {[%emt 0:01:07] Inhibits b5.} Rc7 31. Rdb3 Ra7 32. Ke2 Rd7 33. Rd2 h5 34. Rxd7+ Kxd7 {[%emt 0:00:07] KR-KR} 35. Kd2 Kc6 36. Kc3 b6 37. Kb4 Rd7 38. Rf3 f6 39. Re3 e5 40. Re2 (40. Rg3 $15) 40... Rd4 (40... Rd1 $17 41. Rb2 h4) 41. a4 Rd1 42. Ra2 $1 Rb1+ 43. Kc3 h4 44. a5 (44. h3 $1 $11) 44... bxa5 $1 $17 45. Rxa5 Rg1 $1 46. g3 {[%emt 0:01:05] [#]} Rg2 $1 {[%emt 0:00:29][%csl LRf2,LRh2] ...h3 is the strong threat.} 47. gxh4 Rxh2 (47... Rxf2 $17 48. Ra7 Rxh2 49. Rxg7 Rh3+ 50. Kb4 Rxh4) 48. Ra7 $11 Rxh4 49. Rxg7 Rf4 50. Rg2 Kc5 51. Kd3 f5 52. Ke3 Rxc4 53. Rg8 Rc3+ 54. Kd2 Ra3 55. Rd8 f4 56. Ke2 f3+ ({Black should play} 56... e4 $15) 57. Kd2 $1 e4 58. Rc8+ (58. Rd7 $1 $11) 58... Kd4 $15 59. Rd8+ Ke5 $1 60. Re8+ Kf4 $1 {[%emt 0:00:20][%cal Oe4e3] Hoping for ...e3+!} 61. Rf8+ Kg4 62. Rg8+ Kh3 $1 {[%emt 0:00:41] ( -> ...Kh2)} 63. Rg3+ $2 {[%emt 0:02:07][%mdl 8192] [#]} (63. Ke1 $15) 63... Kh2 $1 64. Rg4 Ra2+ $2 (64... e3+ {mates} 65. fxe3 Ra1 66. Rh4+ Kg2 67. Rg4+ Kh2 68. e4 f2 69. Rf4 Kg3 70. Rxf2 Kxf2 71. Kd3 Kf3 72. e5 Re1 73. Kd4 Kf4 74. e6 Rxe6 75. Kd5 Re4 76. Kd6 Re5 77. Kc6 Kf5 78. Kd6 Kf6 79. Kd7 Re6 80. Kd8 Re7 81. Kc8 Ke5 82. Kd8 Kd6 83. Kc8 Kc6 84. Kb8 Re8+ 85. Ka7 Rd8 86. Ka6 Ra8#) 65. Ke1 $2 (65. Ke3 $11) 65... Ra1+ {[%emt 0:00:12] Black mates.} 66. Kd2 Rg1 67. Rxe4 Kg2 68. Re7 Kxf2 69. Re8 Rg7 {[%emt 0:00:17] Weighted Error Value: White=0.11 (very precise) /Black=0.13 (very precise)} (69... Kf1 $142 70. Ra8 f2 71. Ra2 Rg3 72. Ra1+ Kg2 73. Ke2 Rg7 74. Rc1 Rg5 75. Rb1 f1=Q+ 76. Rxf1 Re5+ 77. Kd3 Kxf1 78. Kd4 Rh5 79. Ke3 Rh4 80. Kf3 Ra4 81. Ke3 Ke1 82. Kd3 Kf2 83. Kc2 Ke3 84. Kb3 Re4 85. Kc2 Rc4+ 86. Kb3 Kd3 87. Kb2 Rb4+ 88. Ka3 Kc3 89. Ka2 Ra4+ 90. Kb1 Ra7 91. Kc1 Ra1#) 0-1

[Event "11th Festival Palmanova-A 2022"]
[Site "Strassoldo"]
[Date "2022.12.11"]
[Round "6.4"]
[White "Savanovic, Maksim"]
[Black "Liloni, Francesco Mattia"]
[Result "0-1"]
[ECO "B13"]
[WhiteElo "2154"]
[BlackElo "1909"]
[Annotator "TA"]
[PlyCount "104"]
[EventDate "2022.12.08"]
[EventType "swiss"]
[EventCountry "ITA"]
[SourceTitle "playchess.com"]
[Source "ChessBase"]
[SourceQuality "1"]
[TimeControl "5400+30"]

1. d4 d5 2. Bf4 c5 3. e3 cxd4 4. exd4 Nc6 5. c3 f6 6. Nf3 {[%emt 0:04:25] Against e5. B13: Caro-Kann: Exchange Variation and Panov-Botvinnik Attack.} g5 {[%emt 0:00:07] Inhibits c4.} 7. Be3 (7. Nxg5 fxg5 8. Qh5+ Kd7 9. Bxg5 Qe8 $17) 7... g4 {[%emt 0:04:43] [#]} 8. Nfd2 $146 {[%emt 0:12:27] The position is equal.} ({Predecessor:} 8. Nh4 Qb6 9. Na3 e5 10. dxe5 Qxb2 11. Nb5 Rb8 12. Nc7+ Kf7 13. Qxd5+ Be6 14. Qxe6+ Kg7 15. Qxg4+ Kf7 16. Bc4+ {1-0 (16) Weetik,V (2423)-Ronka,E (2324) Chess.com INT 2021}) 8... Bf5 ({Better is} 8... e5 $1 $11) 9. c4 e6 (9... e5 $11 {keeps the balance.} 10. cxd5 Nxd4 11. Bxd4 exd4 12. Qa4+ Kf7) 10. Nc3 $16 Nb4 (10... h5 $14) 11. Rc1 $36 {[%emt 0:01:40][%mdl 2048] Keeping Black busy.} h5 12. Qb3 {[%emt 0:14:06] Strongly threatening a3.} Rc8 13. cxd5 exd5 ({Black should play} 13... Nxd5 $14 14. Bc4 (14. Qxb7 Nge7 $11) 14... Nge7) 14. a3 (14. Kd1 $142) 14... Nd3+ 15. Bxd3 Bxd3 16. Qxb7 (16. Qxd5 $2 Qxd5 17. f3 Qf5 $19) 16... Rc7 17. Qb3 Kf7 18. Ne2 (18. Qxd5+ $2 {is the wrong capture.} Qxd5 19. Ndb1 Qxg2 $19) 18... Rxc1+ 19. Nxc1 Ba6 20. Nd3 h4 21. Nb4 ({White should try} 21. O-O $16) 21... Bxb4 $11 22. Qxb4 (22. axb4 $5 Bb5 23. Ne4 $11) 22... Qc7 {[%emt 0:01:05][%cal Rc7c1] [#]} (22... Qc8 {looks sharper.} 23. Kd1 Bd3 24. Qc3 Qxc3 25. bxc3 Ne7) 23. Qc5 {[%emt 0:00:53] Inhibits Qc1+.} Qb7 {[%emt 0:00:41] ...Ne7 is the strong threat.} 24. Qb4 Qxb4 (24... Qc8 {feels hotter.} 25. Kd1 Bd3 26. Qc3 Qxc3 27. bxc3 Ne7) 25. axb4 Ne7 26. Nb3 Rb8 27. Bd2 Nc6 {[%emt 0:01:05][%cal Oa6c4][%mdl 1024] Black has compensation.} (27... Nf5 $5 28. Nc5 Re8+ 29. Kd1 Bb5 $15) 28. Nc5 Bc4 29. b3 Re8+ 30. Be3 $1 Bb5 31. Kd2 Nxb4 32. Ra1 a6 33. Kc3 Nc6 34. Ra2 (34. Nxa6 $2 {loses.} Ra8 35. f3 gxf3 36. gxf3 Rxa6 $19) 34... a5 35. Nb7 {[%emt 0:01:00] [#] Hoping for Nd6+.} Ke6 {[%emt 0:11:42] Against Nd6} 36. Nxa5 Ra8 37. b4 Kf5 38. Rb2 Nxa5 39. bxa5 Rxa5 $15 {[%emt 0:00:17][%mdl 4096] Endgame KRB-KRB} 40. Kb4 Ra8 41. Kc5 Bc4 42. Rb7 Rh8 {[%emt 0:00:40] Inhibits Rh7.} 43. Kd6 h3 (43... Bf1 $5 ) 44. g3 (44. gxh3 $1 $11 {and White is okay.} Rxh3 45. Rf7) 44... Ra8 45. Rh7 $2 (45. Rb1) 45... Ra6+ $19 {[%emt 0:00:28] Black is clearly winning.} 46. Kc5 Ke4 47. Rg7 Kf3 48. Rg6 (48. Bd2 $142) 48... f5 49. Rg5 Rf6 {[%emt 0:00:22] aiming for ...Kg2.} 50. Rg7 Kg2 51. Rb7 Kxh2 52. Rb2 Kg2 {[%emt 0:00:12] Weighted Error Value: White=0.49/Black=0.14 (very precise)} 0-1

[Event "11th Festival Palmanova-A 2022"]
[Site "Strassoldo"]
[Date "2022.12.11"]
[Round "6.5"]
[White "Casadio, Niccolo`"]
[Black "Kalosha, Zhiulien Oleksii"]
[Result "0-1"]
[ECO "D02"]
[WhiteElo "2095"]
[BlackElo "2092"]
[Annotator "TA"]
[PlyCount "78"]
[EventDate "2022.12.08"]
[EventType "swiss"]
[EventCountry "ITA"]
[SourceTitle "playchess.com"]
[Source "ChessBase"]
[SourceQuality "1"]
[TimeControl "5400+30"]

1. d4 d5 2. Bf4 Nf6 3. e3 e6 4. Nf3 c5 5. c3 Nc6 6. Nbd2 Bd6 7. Bg3 O-O 8. Bd3 b6 9. e4 {[%emt 0:03:34] Threatens to win with e5. D02: 1 d4 d5 2 Nf3 sidelines, including 2...Nf6 3 g3 and 2...Nf6 3 Bf4.} Be7 $1 {[%emt 0:25:09] 9...Be7 scores better than 9...dxe4.} 10. e5 Nh5 11. Ng5 {[%emt 0:00:34] The position is equal.} Bxg5 (11... Nxg3 $2 12. Bxh7+ Kh8 13. Nxf7+ Rxf7 14. hxg3 $18) 12. Qxh5 g6 (12... cxd4 $2 13. Qxh7#) 13. Qe2 cxd4 14. h4 $1 Bxd2+ 15. Qxd2 dxc3 16. bxc3 d4 (16... h5 {keeps more tension.} 17. Qh6 Qc7 18. O-O Rd8) 17. Be4 Bb7 18. cxd4 {[%emt 0:00:53] [#]} Rb8 $146 (18... Qd7 $5 ) ({Predecessor:} 18... Qd7 19. Rd1 Rad8 20. O-O Nxd4 21. Qxd4 Qxd4 22. Rxd4 Rxd4 23. Bxb7 Rfd8 24. Bc6 a6 {½-½ (30) Owen,K (2372)-Beveridge,C (2251) ICCF email 2020}) 19. Bxc6 Bxc6 20. O-O Qd5 21. f3 Rfd8 $36 {[%emt 0:05:55][%mdl 2048] Black has good play.} 22. Rfd1 Ba4 23. h5 Bxd1 $17 {[%emt 0:02:35] Black is more active.} 24. Rxd1 Qa5 $1 (24... gxh5 25. Bh4 Rdc8 26. Be7 $11 (26. Bf6 Kf8 $11)) 25. Qf4 Qa4 (25... gxh5 26. Bh4 Qa4 27. Rd2 $18) (25... Qxa2 26. Qf6 gxh5 27. Qg5+ Kf8 28. Qh6+ (28. Bh4 $2 Qc2 $19) 28... Ke8 29. Qxh7 $11) 26. Rd2 Qb4 (26... gxh5 27. Bh4 Rd7 28. Bf6 $18) 27. Bh4 Rdc8 (27... Rd7 $17 28. Kh2 Rc8) 28. Bf6 {[%emt 0:00:45] [#]} ({Better is} 28. Kh2 $15) 28... Rc1+ $2 ({Much less strong is} 28... gxh5 29. Qg5+ Kf8 30. Kh2 $16 (30. d5 Qb1+ 31. Kf2 Qg6 $16)) (28... Rb7 $1 $17 {Hoping for ...Qb1+.} 29. Qh6 Qf8) 29. Kh2 $11 Rbc8 (29... gxh5 {is a self mate.} 30. Qh6) 30. Qg5 (30. Qh6 $5 Qf8 $8 31. Qg5 $15) 30... Qf8 (30... R1c2 $11 31. Qh6 Qf8) 31. h6 $2 {[%emt 0:00:55] [#]} (31. d5 $14 {keeps the upper hand.} exd5 32. hxg6 fxg6 33. Rxd5) 31... R1c7 (31... Qb4 $1 $17 {And now ...R1c2 would win.} 32. Qf4 R8c2 33. Rxc2 Rxc2) 32. Rc2 $2 {[%emt 0:01:13][%mdl 8192] Now White is beyond hope.} Rxc2 $19 {[%emt 0:00:26] Black is clearly winning.} 33. Be7 f6 34. exf6 Qf7 35. a3 R2c7 36. d5 exd5 37. Qe5 Rd7 38. Qd4 Rxe7 39. fxe7 Re8 {[%emt 0:00:25] Weighted Error Value: White=0.89/Black=0.31} 0-1

[Event "11th Festival Palmanova-A 2022"]
[Site "Strassoldo"]
[Date "2022.12.11"]
[Round "6.6"]
[White "Savanovic, Aleksandar"]
[Black "Belli, Giorgio"]
[Result "0-1"]
[ECO "C19"]
[WhiteElo "2365"]
[BlackElo "2165"]
[Annotator "TA"]
[PlyCount "76"]
[EventDate "2022.12.08"]
[EventType "swiss"]
[EventCountry "ITA"]
[SourceTitle "playchess.com"]
[Source "ChessBase"]
[SourceQuality "1"]
[TimeControl "5400+30"]

1. e4 e6 2. d4 d5 3. Nc3 Bb4 4. e5 c5 5. a3 Bxc3+ 6. bxc3 Ne7 7. a4 Qa5 {[%emt 0:00:37] 7...b6 is setting a new trend.} 8. Qd2 b6 {[%emt 0:00:11] is the legacy move (8...Nbc6). C19: French: 3 Nc3 Bb4: Main line: 7 Nf3 and 7 a4.} 9. Bb5+ Bd7 10. Bd3 c4 {[%emt 0:07:27] The position is equal.} 11. Be2 {[%emt 0:00:06] [#]} Bxa4 $146 ({Predecessor:} 11... O-O 12. Ba3 Re8 13. Nh3 Bxa4 14. O-O Nbc6 15. Nf4 Nf5 16. Bg4 Nce7 17. Nh5 Kh8 18. Bd1 b5 19. g4 Nh4 20. f4 {1-0 (20) Packroff,H (2201)-Hoexter,H (2138) ICCF email 2015}) 12. Nf3 Nbc6 13. O-O b5 14. h4 O-O 15. h5 Qd8 (15... h6 $11) 16. h6 $1 $14 g6 17. Ng5 (17. Re1 {simplifies} a5 18. Ba3 b4 19. cxb4 axb4 20. Bxb4 Nxb4 21. Qxb4 Qd7 22. Qd2) 17... a5 18. g4 Ra6 19. Rxa4 bxa4 $15 20. Qf4 (20. Ba3 $17) 20... Nc8 $19 21. Ba3 {[%emt 0:00:50] [#]} Rb6 $1 22. Bf3 $17 {[%emt 0:18:20] [#]} Nb4 $1 23. Kg2 {[%emt 0:11:13] [#]} (23. cxb4 axb4 24. Bb2 a3 $19) 23... f6 (23... Na6 $1 $17 24. Bxf8 (24. Qe3 Na7) 24... Qxf8) 24. exf6 $40 {[%emt 0:00:56][%mdl 128] White is up to no good.} Rxf6 25. Qd2 (25. Qe5 $11 {keeps the balance.} Na7 26. cxb4) 25... Nc6 (25... Na6 $1 $17 26. Qe3 Nc7) 26. Bc5 (26. Qe3 $11) 26... Rb7 $2 (26... Rb8 $1 $17 {stays on course.} 27. Re1 Qd7) 27. Re1 $18 Rbf7 (27... Qd7 28. Qe3 $14) (27... N8e7 $142) 28. Nxf7 Kxf7 29. Qe3 $1 g5 30. Qxg5 Rg6 31. Qe3 Qh4 {[%emt 0:01:34] [#]} 32. Qf4+ ({Better is} 32. Bxd5 $1 $18 Qxg4+ 33. Kf1) 32... Rf6 $16 33. Qg3 Qg5 (33... Qxg3+ $16 34. Kxg3 Rg6) 34. Rb1 (34. Qc7+ $6 N8e7) 34... Rxh6 {[%emt 0:03:10] [#]} 35. Rb7+ (35. Ba3 $1 $18 Rg6 36. Qc7+ N6e7 37. Rb7 (37. Qxa5 Qf4 $17)) 35... N8e7 {[%emt 0:00:11] And now ...Qc1 would win.} 36. Qc7 $2 {[%emt 0:00:49][%mdl 8192] [#]} (36. Qd6 $16 Qh4 37. Kf1 (37. Qxc6 $2 {gets mated.} Qh1+ 38. Kg3 Qh2#) 37... Qh3+ 38. Bg2 (38. Ke2 Rf6 $11) 38... Qxg4 39. Rxe7+ (39. Qxc6 $2 Qd1#) (39. f3 Qg5 $11) 39... Nxe7 40. Qxe7+ Kg6 41. Qe8+ Kf5 42. f3 (42. Qxa4 $2 Qd1#)) 36... Qc1 $1 $19 {[%emt 0:01:55] ( -> ...Qh1+)} 37. Be2 (37. Kg3 Qg1+) 37... Qh1+ 38. Kg3 Rh3+ {[%emt 0:26:05] What a fight!   Weighted Error Value: White=0.61/Black=0.42} 0-1

[Event "11th Festival Palmanova-A 2022"]
[Site "Strassoldo"]
[Date "2022.12.11"]
[Round "6.7"]
[White "Negro, Roberto"]
[Black "Neuschmied, Siegfried"]
[Result "1/2-1/2"]
[ECO "D02"]
[WhiteElo "2117"]
[BlackElo "2244"]
[Annotator "TA"]
[PlyCount "40"]
[EventDate "2022.12.08"]
[EventType "swiss"]
[EventCountry "ITA"]
[SourceTitle "playchess.com"]
[Source "ChessBase"]
[SourceQuality "1"]
[TimeControl "5400+30"]

1. Nf3 d5 2. d4 Nf6 3. c3 e6 4. Bf4 Bd6 5. e3 O-O 6. Bd3 {[%emt 0:01:32] D02: 1 d4 d5 2 Nf3 sidelines, including 2...Nf6 3 g3 and 2...Nf6 3 Bf4.} b6 7. O-O Bb7 8. Nbd2 {[%emt 0:00:31] The position is equal.} c5 9. Qe2 Qc7 10. Bxd6 Qxd6 11. e4 {[%emt 0:00:21] [#]} Qf4 $146 (11... dxe4 $11 12. Nxe4 Nxe4 13. Bxe4 Bxe4 14. Qxe4 Nd7) ({Predecessor:} 11... dxe4 12. Nxe4 Nxe4 13. Bxe4 Bxe4 14. Qxe4 Nd7 15. Rad1 Qc7 16. dxc5 Nxc5 17. Qe5 Rac8 18. Qxc7 Rxc7 {½-½ (44) Sandipan,C (2529)-Das,S (2434) Ahmedabad 2019}) 12. Rfe1 (12. e5 $14 Nfd7 13. g3) 12... cxd4 13. Nxd4 (13. g3 {simplifies} Qg4 14. Nxd4 Qxe2 15. Rxe2 Nxe4 16. Nxe4 dxe4 17. Bxe4 Bxe4 18. Rxe4 Rd8 19. Kg2) 13... dxe4 ({But not} 13... Ng4 14. g3 Qh6 15. f4 $16) 14. Nxe4 Nbd7 (14... Ng4 $2 15. g3 Qh6 16. Qxg4 $18) (14... Bxe4 {simplifies} 15. Bxe4 Nxe4 16. Qxe4 Qxe4 17. Rxe4 Rd8) 15. h3 (15. g3 {simplifies} Qb8 16. Rad1 Nxe4 17. Bxe4 Nf6 18. Bxb7 Qxb7 19. c4) 15... a6 16. Rad1 Rfd8 17. Nf3 h6 18. Nxf6+ Nxf6 (18... Qxf6 $11 {should be considered.} 19. Be4 Bxe4 20. Qxe4 Nc5) 19. Ne5 $1 $14 {[%emt 0:00:11][%cal Oe5f7] [#] Hoping for Nxf7!} Re8 (19... Nh7 $14) 20. Bc2 $16 {[%emt 0:04:15] g3 is the strong threat.} Re7 {[%emt 0:08:36] Weighted Error Value: White=0.06 (flawless) /Black=0.18 (very precise)} (20... Qg5 $16 {is a better defense.} 21. g3 Nd5) 1/2-1/2

[Event "11th Festival Palmanova-A 2022"]
[Site "Strassoldo"]
[Date "2022.12.11"]
[Round "6.8"]
[White "Urbani, Gabriel"]
[Black "Pozzari, Simone"]
[Result "1/2-1/2"]
[ECO "B59"]
[WhiteElo "2110"]
[BlackElo "2139"]
[Annotator "TA"]
[PlyCount "90"]
[EventDate "2022.12.08"]
[EventType "swiss"]
[EventCountry "ITA"]
[SourceTitle "playchess.com"]
[Source "ChessBase"]
[SourceQuality "1"]
[TimeControl "5400+30"]

1. e4 c5 2. Nf3 d6 3. d4 cxd4 4. Nxd4 Nf6 5. Nc3 Nc6 6. Be2 e5 7. Nb3 Be7 8. Be3 Be6 9. f3 O-O {[%emt 0:02:40] B59: Classical Sicilian: 6 Be2 e5 7 Nb3.} 10. Qd2 d5 11. exd5 Nxd5 {[%emt 0:00:33] The position is equal.} 12. Nxd5 Qxd5 13. Qxd5 Bxd5 14. O-O-O Rad8 15. Kb1 b6 {[%emt 0:08:46] [#]} 16. Rd2 $146 ({Predecessor:} 16. h4 f5 17. Bg5 Bxg5 18. hxg5 Be6 19. Rde1 Ne7 20. Rh2 g6 21. Bd3 Nc6 22. Bb5 {1-0 (38) Martinez,A-Roldan,J Albacete 1994}) 16... Be6 17. Rhd1 f5 18. c3 g5 19. Rxd8 Rxd8 20. Rxd8+ Nxd8 21. Kc2 Nb7 22. Nd2 Kf7 (22... Bxa2 $2 23. b3 $18) 23. Bc4 Bxc4 24. Nxc4 $11 {[%emt 0:00:20][%mdl 4096] Endgame KBN-KBN} Ke6 25. b4 h5 26. h3 b5 27. Nd2 a5 28. bxa5 Nxa5 29. Kd3 Kd5 30. g4 hxg4 31. hxg4 fxg4 32. fxg4 Nc4 33. Nxc4 e4+ 34. Ke2 Kxc4 {[%emt 0:00:07] KB-KB} 35. Kd2 Bf6 36. Kc2 Bd8 37. Kd2 Bf6 38. Kc2 Be7 39. Kd2 b4 $2 (39... Bd8 $11) 40. cxb4 $18 Kxb4 {[%emt 0:00:28] [#]} 41. Bd4 $2 (41. Kc2 $1 $18 {and the rest is easy. Hoping for Bd2+.} Kc4 42. Kd2) 41... Kc4 $2 {[%emt 0:00:26][%mdl 8192] Black cannot hold the game after this.} (41... Ka3 $16 {is more resistant.} 42. Ke3 Kxa2 43. Kxe4 Kb3) 42. Ke3 Kd5 43. Bb6 Ba3 {[%emt 0:00:33] White is winning.} 44. Ba5 Ke5 45. Bc7+ Kd5 {[%emt 0:03:50][%mdl 32768] Weighted Error Value: White=0.23 (precise) /Black=0.42. An unexpected result.} 1/2-1/2